 Dungeon Crawl Stone Soup version 0.16.2-12-gd0ad4c3 (webtiles) character file.

29 SlimeFever the Insei (level 3, 0/23 HPs)
             Began as an Octopode Transmuter on Nov 6, 2015.
             Slain by a goblin (5 damage)
             ... led by Robin
             ... on level 2 of the Dungeon.
             The game lasted 00:09:10 (1108 turns).

SlimeFever the Insei (Octopode Transmuter)          Turns: 1108, Time: 00:09:10

Health: 0/23       AC:  1    Str:  9    XL:     3   Next: 16%
Magic:  1/6        EV: 12    Int: 16    God:
Gold:   123        SH:  0    Dex: 12    Spells: 2 memorised, 3 levels left

rFire  . . .     SeeInvis .       - Unarmed
rCold  . . .     Clarity  .     (no shield)
rNeg   . . .     SustAb   .     (helmet restricted)
rPois  .         Gourm    .     (no amulet)
rElec  .         Spirit   .     k - ring of teleportation
rCorr  .         Warding  .     (no ring)
rMut   .         Rnd*Tele +     (no ring)
MR     .....                    (no ring)
Stlth  ++........               (no ring)
                                (no ring)
                                (no ring)
                                (no ring)

@: appendage, not resistant to hostile enchantments, unstealthy
A: almost no armour, amphibious, 8 rings, constrict 8, tentacle spike 3,
camouflage 1, gelatinous body 1
a: End Transformation, Evoke Teleportation


You were on level 2 of the Dungeon.
You were hungry.
One of your tentacles had a temporary spike.
You visited 1 branch of the dungeon, and saw 2 of its levels.

You collected 123 gold pieces.

Inventory:

Missiles
 b - 35 arrows
 i - 6 arrows of flame
 j - 54 sling bullets
 l - 2 poisoned javelins (quivered)
Jewellery
 k - a ring of teleportation (left tentacle)
Potions
 f - a potion of flight
 g - a potion of restore abilities {unknown}
Books
 d - a book of Changes

   Spells                             Type                      Level
   a - Beastly Appendage              Transmutation                1
   b - Sticks to Snakes               Transmutation                2
   c - Spider Form                    Transmutation/Poison         3
   d - Ice Form                       Ice/Transmutation            4
   e - Blade Hands                    Transmutation                5
Comestibles
 a - 2 bread rations


   Skills:
 + Level 1.1 Fighting
 + Level 2.1 Dodging
 * Level 3.4 Unarmed Combat
 + Level 2.3 Spellcasting
 * Level 2.4 Transmutations


You had 3 spell levels left.
You knew the following spells:

 Your Spells              Type           Power        Failure   Level  Hunger
a - Beastly Appendage     Trmt           #.....       10%         1    #......
b - Sticks to Snakes      Trmt           #.........   12%         2    ###....


Dungeon Overview and Level Annotations

Branches:
Dungeon (2/15)

Altars:

Annotations:
D:2 Robin


Innate Abilities, Weirdness & Mutations

You cannot wear most types of armour.
You are amphibious.
You can wear up to eight rings at the same time.
You can use your tentacles to constrict many enemies at once.
Your skin changes colour to match your surroundings (Stealth).
Your rubbery body absorbs attacks (AC +1).
One of your tentacles bears a large vicious spike.


Message History

Casting: Sticks to Snakes
Confirm with . or Enter, or press ? or * to list all spells.
You create a snake!
You constrict the goblin. The goblin closely misses you.
Robin roars a battlecry!
You are now empty-tentacled.
You constrict the goblin.
You kill the goblin!
A hobgoblin comes into view. It is wielding a club.
The goblin closely misses you.
Your ball python barely misses the goblin.
Your ball python completely misses the goblin.
Robin hits you with a short sword.
* * * LOW HITPOINT WARNING * * *
A goblin comes into view.
Things that are here:
a dagger; a goblin corpse You barely miss Robin.
Your grab misses Robin.
Your ball python bites the goblin.
Your ball python barely misses the goblin.
The goblin hits you.
You die...

##### #...
##########S#######
.........@g........ #
.#########g#########.#>
#)# #<........ #g#
#.....#.## #)###.#...#
#gg†.g.g.g#
#.......†.g.?.....gg
#######.#####.##... #..
...


g You could see Robin, a hobgoblin (frenzied), 3 goblins and a friendly ball
python.

Vanquished Creatures
  A worm (D:1)
  A giant gecko (D:1)
  4 bats (D:1)
  2 giant cockroaches (D:1)
  4 hobgoblins
  A giant newt (D:2)
  5 goblins
  2 kobolds
  2 rats (D:1)
22 creatures vanquished.

Notes
Turn   | Place    | Note
--------------------------------------------------------------
     0 | D:1      | SlimeFever, the Octopode Transmuter, began the quest for the Orb.
     0 | D:1      | Reached XP level 1. HP: 13/13 MP: 3/3
   275 | D:1      | Reached XP level 2. HP: 1/18 MP: 1/4
  1007 | D:1      | Learned a level 2 spell: Sticks to Snakes
  1071 | D:2      | Reached XP level 3. HP: 23/23 MP: 4/6
  1072 | D:2      | Noticed Robin
  1108 | D:2      | Slain by a goblin

Action                   || total
-------------------------++-------
Melee: Unarmed           ||    53
 Cast: Beastly Appendage ||    16
       Sticks to Snakes  ||     2
  Use: Scroll            ||     3
 Stab: Sleeping          ||     2
